Map: Oceanborn LE

Players

reivins

  • Race: Zerg Zerg
  • League: Platinum
  • Spawn Location: 11:00

Subwayeatn - Winner!

  • Race: Zerg Zerg
  • League: Platinum
  • Spawn Location: 5:00

VOD

Have the link to the VOD?

Description

Time

  • Played on: Oct. 28, 2023, 7:41 p.m.
  • Length: 3:35
Show
View Real Time Build Order
Export as new Build Order

reivins Zerg 

Build Orders: Pool First 

Get SALT Encoding   

  12  0:18  Spawning Pool  
  11  0:22  Drone  
  11  0:26  Drone  
  13  0:30  Drone  
  14  0:40  Overlord  
  14  1:06  Zergling x6  
  14  1:07  Queen  
  19  1:21  Zergling x2  
  20  1:36  Zergling x2  
  20  1:39  Hatchery  
  20  1:42  Extractor  
  20  1:43  Drone  
  20  1:55  Overlord  
  20  2:00  Queen  
  22  2:19  Drone x4  
  21  2:42  Zergling x6  
  24  2:47  Zergling x6  
  27  2:52  Zergling x2  
  23  3:17  Zergling x4  
  29  3:27  Extractor  
Show
View Real Time Build Order
Export as new Build Order

Subwayeatn Zerg - Winner!

Build Orders: Pool First 

Get SALT Encoding   

  12  0:05  Drone  
  13  0:11  Drone  
  13  0:13  Extractor  
  13  0:29  Spawning Pool  
  12  0:58  Hatchery  
  11  1:15  Queen  
  13  1:27  Metabolic Boost  
  13  1:36  Overlord  
  13  1:41  Zergling x2  
  14  1:54  Zergling x2  
  14  1:55  Zergling x2  
  14  2:00  Zergling x2  
  17  2:10  Queen  
  17  2:14  Zergling x2  
  18  2:35  Zergling x8  
  22  2:48  Zergling x4  
  22  2:49  Zergling x2  
  25  2:52  Zergling x2  
  23  3:17  Zergling x2  
  23  3:18  Zergling x8  
Tags
 
Add a new tag
Caveats
  • Supply blocks, unpowered buildings, or Contaminate may cause inaccurate times.
  • Supply counts are checked every 10 seconds.